 Dungeon Crawl Stone Soup version 0.17-a0-986-gf45d1aa (webtiles) character file.

52 dirtyvader the Firebug (level 3, -1/26 HPs)
             Began as a Draconian Fire Elementalist on May 11, 2015.
             Slain by a jackal (2 damage)
             ... on level 2 of the Dungeon.
             The game lasted 00:09:30 (1974 turns).

dirtyvader the Firebug (DrFE)                       Turns: 1974, Time: 00:09:44

Health: -1/26      AC:  5    Str: 10    XL:     3   Next: 60%
Magic:  4/6        EV: 12    Int: 16    God:
Gold:   31         SH:  0    Dex: 11    Spells: 3 memorised, 0 levels left

rFire  . . .     SeeInvis .     d - +0 short sword
rCold  . . .     Clarity  .     (armour unavailable)
rNeg   . . .     SustAb   .     (no shield)
rPois  .         Gourm    .     (helmet restricted)
rElec  .         Spirit   .     (no cloak)
rCorr  .         Warding  .     (no gloves)
rMut   .         Stasis   .     (no boots)
MR     .....                    (no amulet)
Stlth  ++........               (no ring)
                                m - ring of wizardry

@: not resistant to hostile enchantments, unstealthy
A: unfitting armour, cold-blooded, AC +5
a: no special abilities


You were on level 2 of the Dungeon.
You were hungry.

You visited 1 branch of the dungeon, and saw 2 of its levels.

You collected 31 gold pieces.

Inventory:

Hand weapons
 d - a +0 short sword (weapon)
 h - a +0 dagger
 k - a +0 short sword
 l - a cursed -3 dagger
 n - a +0 dagger
 p - a +0 dagger
Missiles
 e - 6 tomahawks (quivered)
Jewellery
 m - a ring of wizardry (left hand)
Scrolls
 c - 2 scrolls of teleportation {unknown}
 g - a scroll of magic mapping {unknown}
 o - 2 scrolls of recharging {unknown}
Potions
 j - a potion of heal wounds {unknown}
 q - 2 potions of curing {unknown}
Books
 a - a book of Flames

   Spells                             Type                      Level
   a - Flame Tongue                   Conjuration/Fire             1
   b - Throw Flame                    Conjuration/Fire             2
   c - Conjure Flame                  Conjuration/Fire             3
   d - Inner Flame                    Hexes/Fire                   3
   e - Sticky Flame                   Conjuration/Fire             4
   f - Fireball                       Conjuration/Fire             5
Comestibles
 b - a bread ration
 f - 2 meat rations


   Skills:
 - Level 1.7 Dodging
 - Level 1.7 Stealth
 - Level 2.0 Spellcasting
 + Level 2.4 Conjurations
 * Level 4.0 Fire Magic


You couldn't memorise any spells.
You knew the following spells:

 Your Spells              Type           Power        Failure   Level  Hunger
a - Flame Tongue          Conj/Fire      ##...        3%          1    #......
b - Throw Flame           Conj/Fire      ##....       4%          2    ###....
c - Conjure Flame         Conj/Fire      ##......     7%          3    ###....


Dungeon Overview and Level Annotations

Branches:
Dungeon (2/15)

Altars:
Elyvilon


Innate Abilities, Weirdness & Mutations

Your plain brown scales are hard (AC +5).
Your body does not fit into most forms of armour.
You are cold-blooded and may be slowed by cold attacks.


Message History

The jackal barely misses you. x3
The jackal bites you.
* * * LOW HITPOINT WARNING * * *
You barely miss the jackal.
Your tail-slap misses the jackal.
The jackal is severely wounded.
The jackal bites you.
* * * LOW HITPOINT WARNING * * *
The jackal barely misses you.
You miss the jackal.
The jackal is heavily wounded.
The jackal misses you.
The jackal bites you but does no damage.
The jackal closely misses you. The jackal barely misses you.
You barely miss the jackal.
The jackal is heavily wounded.
The jackal closely misses you. The jackal bites you.
* * * LOW HITPOINT WARNING * * *
The jackal bites you but does no damage.
The jackal bites you.
You die...

################
###########@hhh....†......
#........##h####.#########
#.######.##..............
##.## #.#######.########
#...# #.# #.# ###.#
#.#######.# #.#
#.#.......# #.#
#.#.####### #.# #...#


You could see 4 jackals.

Vanquished Creatures
  An adder (D:2)
  A giant gecko (D:1)
  7 bats
  6 hobgoblins
  3 jackals (D:1)
  A ball python (D:1)
  4 giant cockroaches (D:1)
  2 giant newts
  6 goblins
  6 kobolds
  3 rats (D:1)
40 creatures vanquished.

Notes
Turn   | Place    | Note
--------------------------------------------------------------
     0 | D:1      | dirtyvader the Draconian Fire Elementalist began the quest for the Orb.
     0 | D:1      | Reached XP level 1. HP: 14/14 MP: 3/3
   416 | D:1      | Reached XP level 2. HP: 17/20 MP: 0/5
   471 | D:1      | Learned a level 2 spell: Throw Flame
  1242 | D:1      | Reached XP level 3. HP: 22/26 MP: 1/6
  1300 | D:1      | Learned a level 3 spell: Conjure Flame
  1770 | D:2      | Found a white marble altar of Elyvilon.
  1953 | D:2      | Reached skill level 4 in Fire Magic
  1974 | D:2      | HP: 1/26 [jackal (3)]
  1974 | D:2      | Slain by a jackal

Vault maps used:
D:1:      minmay_arrival_arboretum_small
D:2:      lemuel_doored_altar, eino_tiny_chamber

Action                   || total
-------------------------++-------
Melee: Unarmed           ||    18
       Short sword       ||    53
 Cast: Flame Tongue      ||    44
       Throw Flame       ||    19
  Eat: Chunk             ||     5
